 Dungeon Crawl Stone Soup version 0.23.1 (webtiles) character file.

Game seed: 7306203959665670662

100 Kniotic the Chiller (level 4, -9/34 HPs)
             Began as a Demonspawn Ice Elementalist on Mar 5, 2019.
             Mangled by Crazy Yiuf
             ... wielding a +3 quarterstaff of chaos
              (12 damage)
             ... on level 2 of the Dungeon.
             The game lasted 00:05:03 (2592 turns).

Kniotic the Chiller (Demonspawn Ice Elementalist)   Turns: 2592, Time: 00:05:03

Health: -9/34      AC:  2    Str:  9    XL:     4   Next: 47%
Magic:  1/7        EV: 12    Int: 17    God:
Gold:   66         SH:  6    Dex: 13    Spells: 6/7 levels left

rFire    + . .     SeeInvis .   i - +0 trident
rCold    + . .     Gourm    .   (no shield)
rNeg     . . .     Faith    .   a - +0 robe
rPois    .         Spirit   .   (no helmet)
rElec    .         Reflect  .   l - scarf {rC+ rF+}
rCorr    .         Harm     .   (no gloves)
MR       .....                  (no boots)
Stlth    ++........             (no amulet)
HPRegen  0.11/turn              (no ring)
MPRegen  0.10/turn              (no ring)

@: very slightly contaminated, hasted and slowed
A: large bone plates 2
a: no special abilities


You were on level 2 of the Dungeon.
You were not hungry.

You visited 1 branch of the dungeon, and saw 2 of its levels.

You collected 66 gold pieces.

Inventory:

Hand Weapons
 i - a +0 trident (weapon)
Armour
 a - a +0 robe (worn)
 l - a scarf of resistance (worn)
Scrolls
 b - a scroll of enchant armour {unknown}
 d - a scroll of teleportation {unknown}
 h - a scroll of enchant weapon {unknown}
 k - a scroll of amnesia {unknown}
 m - 2 scrolls of identify {unknown}
 n - 2 scrolls of noise {unknown}
 o - a scroll of remove curse {unknown}
Potions
 e - 2 potions of degeneration {unknown}
 f - a potion of mutation {unknown}
 g - a potion of haste {unknown}
 j - a potion of curing {unknown}
Comestibles
 c - 3 rations


   Skills:
 + Level 2.8 Fighting
 - Level 1.7 Dodging
 - Level 1.7 Stealth
 - Level 2.0 Spellcasting
   Level 1.0 Conjurations
 + Level 3.9 Ice Magic


You had 6 spell levels left.
You knew the following spells:

 Your Spells              Type           Power        Failure   Level  Hunger
a - Freeze                Ice            ###.         3%          1    #......

Your spell library contained the following spells:

 Spells                   Type           Power        Failure   Level  Hunger
 Throw Frost              Conj/Ice       ##....       11%         2    ###....
 Ozocubu's Armour         Chrm/Ice       #.......     26%         3    ###....
 Throw Icicle             Conj/Ice       ##......     56%         4    #####..
 Summon Ice Beast         Ice/Summ       #.......     65%         4    #####..


Dungeon Overview and Level Annotations

Branches:
Dungeon (2/15)

Altars:
Sif Muna

Annotations:
D:2 Crazy Yiuf


Innate Abilities, Weirdness & Mutations

You are mostly covered in large bone plates. (SH +6)


Message History

You freeze Crazy Yiuf.
Crazy Yiuf is severely wounded.
Crazy Yiuf hits you with a +3 quarterstaff of chaos!
* * * LOW HITPOINT WARNING * * *
You feel yourself speed up.
Casting: Freeze (safe; 3% risk of failure)
Confirm with . or Enter, or press ? or * to list all spells.
Aiming: Freeze (safe; 3% risk of failure)
Press: ? - help, Shift-Dir - straight line, f/p - Crazy Yiuf
Aim: Crazy Yiuf, wielding a +3 quarterstaff of chaos and wearing a +0 cloak (severely wounded)
You freeze Crazy Yiuf.
Crazy Yiuf is almost dead.
Crazy Yiuf barely misses you.
Evoke which item? (* to show all) (? for menu, Esc to quit)
Okay, then.
Unknown command.
You hit Crazy Yiuf but do no damage.
Crazy Yiuf is almost dead.
Crazy Yiuf hits you with a +3 quarterstaff of chaos!
You die...

######.#.#####.#.#
#...#
#......#.>.....#.###
###.#
#.####(#######.....#
#.# #.# ### #######
#.# #.# #.# #.# #.#
#.###♣♣ ### #.#
#.....♣♣ ♣♣#..)# #.#
#......♣♣♣♣@g...#
#.#
##......♣..♣#...#
#.# ##....♣.♣♣♣ ###
######.# ###♣♣♣♣♣
#......# ###.####
######### ### #.#
#.......###.###.#
#######.........#
###########


You could see Crazy Yiuf.

Vanquished Creatures
  Terence (D:2)
  Robin (D:2)
  An adder (D:2)
  A worm (D:2)
  A dart slug (D:2)
  2 leopard geckos
  An orc (D:2)
  A bat zombie (D:1)
  2 giant cockroaches
  10 goblins
  4 hobgoblins
  3 jackals (D:1)
  A quokka (D:2)
  4 bats
  2 frilled lizards (D:2)
  A giant cockroach zombie (D:1)
  3 kobolds
  7 rats
46 creatures vanquished.

Notes
Turn   | Place    | Note
-------+----------+-------------------------------------------
     0 | D:1      | Kniotic the Demonspawn Ice Elementalist began the quest for
                  | the Orb.
     0 | D:1      | Reached XP level 1. HP: 13/13 MP: 3/3
   288 | D:1      | Reached skill level 1 in Fighting
   291 | D:1      | Reached skill level 3 in Ice Magic
   291 | D:1      | Gained mutation: You are partially covered in large bone
                  | plates. (SH +4) [demonic ancestry]
   291 | D:1      | Reached XP level 2. HP: 21/21 MP: 0/5
   841 | D:2      | Noticed Terence
   901 | D:2      | Found a deep blue altar of Sif Muna.
  1225 | D:2      | Found a runed translucent door.
  1226 | D:2      | Noticed Crazy Yiuf
  1408 | D:2      | Killed Terence
  1408 | D:2      | Reached XP level 3. HP: 14/27 MP: 1/6
  1859 | D:2      | Noticed Robin
  1867 | D:2      | Gained mutation: You are mostly covered in large bone
                  | plates. (SH +6) [demonic ancestry]
  1867 | D:2      | Reached XP level 4. HP: 26/34 MP: 3/7
  1970 | D:2      | Killed Robin
  2592 | D:2      | Mangled by Crazy Yiuf

Skill      XL: |  1  2 |
---------------+-------+-----
Fighting       | 1 2 |  2.8
Ice Magic      | 3 |  3.9
Dodging        | |  1.7
Stealth        | |  1.7
Spellcasting   | |  2.0
Conjurations   | |  1.0

Action                   |  1- 3 |  4- 6 || total
-------------------------+-------+-------++-------
Melee: Unarmed           |    31 |       ||    31
       Dagger            |    45 |       ||    45
       Trident           |    30 |    49 ||    79
 Cast: Freeze            |    24 |    17 ||    41
 Stab: Sleeping          |     5 |       ||     5
  Eat: Chunk             |     3 |     3 ||     6
Armor: Robe              |    21 |     6 ||    27
Dodge: Dodged            |    94 |    23 ||   117
Block: Other             |    10 |    16 ||    26
